 Dungeon Crawl Stone Soup version 0.30.0-19-g36f170ea60 (webtiles) character file.

Game seed: 15985183505735043551

3007 bmack86 the Cleaver (level 9, -1/81 HPs)
             Began as a Minotaur Fighter on May 28, 2023.
             Was an Initiate of Gozag.
             Slain by a killer bee (6 damage)
             ... while paralysed by a hornet
             ... on level 7 of the Dungeon.
             The game lasted 00:15:14 (4978 turns).

bmack86 the Cleaver (Minotaur Fighter)              Turns: 4978, Time: 00:15:14

Health: -1/81      AC: 13    Str: 24    XL:     9   Next: 54%
Magic:  8/8        EV:  2    Int:  5    God:    Gozag
Gold:   221        SH:  0    Dex: 11    Spells: 8/8 levels left

rFire   + . .        a - +1 war axe
rCold   . . .        c - +0 buckler
rNeg    . . .        p - +0 plate armour
rPois   .            (helmet restricted)
rElec   .            (no cloak)
rCorr   .            i - +0 pair of gloves
SInv    .            z - +0 pair of boots
Will    .....        (no amulet) Stlth
                     A - ring of protection from fire
HPRegen 0.33/turn    (no ring)
MPRegen 0.11/turn

%: no passive effects
@: paralysed, lethally poisoned (-1 -> -4), slowed
A: horns 2, retaliatory headbutt
a: Renounce Religion, Potion Petition, Call Merchant, Bribe Branch


You were on level 7 of the Dungeon.
You worshipped Gozag.
Gozag was aware of your devotion.
You visited 2 branches of the dungeon, and saw 8 of its levels.

You collected 323 gold pieces.
You paid 102 gold pieces to Gozag.

Inventory:

Hand Weapons
 a - a +1 war axe (weapon)
Missiles
 k - 2 throwing nets (quivered)
Armour
 c - a +0 buckler (worn)
 i - a +0 pair of gloves (worn)
 p - a +0 plate armour (worn)
 z - a +0 pair of boots (worn)
Jewellery
 j - an amulet of magic regeneration
 r - a ring of wizardry
 A - a ring of protection from fire (left hand)
 F - a ring of wizardry
Wands
 u - a wand of paralysis (12)
 w - a wand of polymorph (14)
 D - a wand of acid (8)
Scrolls
 b - a scroll of vulnerability {unknown}
 d - a scroll of enchant weapon
 e - a scroll of noise {unknown}
 m - 4 scrolls of magic mapping
 n - 2 scrolls of fear {unknown}
 o - 5 scrolls of amnesia {unknown}
 q - a scroll of teleportation
 y - a scroll of torment {unknown}
 B - a scroll of acquirement {unknown}
 E - a scroll of silence {unknown}
Potions
 f - 4 potions of ambrosia {unknown}
 g - 2 potions of attraction {unknown}
 h - 3 potions of degeneration {unknown}
 l - 5 potions of mutation
 s - 2 potions of berserk rage {unknown}
 t - 4 potions of lignification
 v - 4 potions of curing
 x - 2 potions of heal wounds {unknown}
 C - a potion of haste {unknown}


   Skills:
 + Level 7.8 Fighting
 - Level 14.3 Axes
 - Level 3.6 Armour
 - Level 3.6 Shields


You had 8 spell levels left.
You didn't know any spells.
Your spell library contained the following spells:

 Spells                   Type           Power      Damage    Failure   Level
 Sandblast                Erth           0%         2d4       100%        1
 Passwall                 Tmut/Erth      0%         N/A       100%        2
 Ozocubu's Armour         Ice            0%         N/A       100%        3
 Stone Arrow              Conj/Erth      0%         3d7       100%        3
 Ozocubu's Refrigeration  Ice            0%         4d7       100%        7


Dungeon Overview and Level Annotations

Branches:
Dungeon (7/15)             Temple (1/1) D:6

Altars:
Cheibriados
Dithmenos
Elyvilon
Gozag
Hepliaklqana
Ru
Uskayaw
Wu Jian
Yredelemnul
The Shining One

Shops:
D:3 *

Annotations:
D:4 2 transporters


Innate Abilities, Weirdness & Mutations

You have a pair of horns on your head.
You reflexively headbutt those who attack you in melee.


Message History

The hornet barely misses you.
You hit the killer bee but do no damage.
Your headbutt misses the killer bee.
The killer bee is lightly wounded.
You barely miss the hornet.
You feel very sick.
The killer bee stings you but does no damage.
You block the hornet's attack. The gnoll hits you but does no damage.
You block the killer bee's attack.
The hornet stings you but does no damage.
You miss the killer bee.
The killer bee is lightly wounded.
You hit the hornet.
You feel very sick.
The killer bee stings you but does no damage. x2
The gnoll hits you but does no damage.
The hornet stings you but does no damage.
The killer bee barely misses you. The gnoll hits you but does no damage.
You miss the killer bee. Your headbutt misses the killer bee.
The killer bee is lightly wounded.
You hit the hornet.
You feel sick.
The killer bee stings you but does no damage.
The hornet stings you!
* * * LOW HITPOINT WARNING * * *
You suddenly lose the ability to move!
The killer bee stings you but does no damage.
The hornet stings you but does no damage.
The gnoll hits you from afar with a +0 spear.
* * * LOW HITPOINT WARNING * * *
You feel sick.
The killer bee stings you but does no damage.
The hornet barely misses you.
The killer bee stings you but does no damage.
The gnoll barely misses you.
The hornet stings you but does no damage.
You feel sick.
The killer bee stings you but does no damage.
The killer bee stings you.
You die...
Your body crumbles into a pile of gold.

#.......#
.........
.......#
#.....#
#......
#....g# #
#..gy##g#
#..yy@$.#
##..###.#
#.. # #y.
#.. #.y
#.y #..


You could see a hornet, 2 killer bees and 3 gnolls.

Vanquished Creatures
  Pikel (D:4)
  Maggie (D:6)
  Eustachio (D:5)
  Duvessa (D:4)
  A water moccasin (D:5)
  An orc warrior (D:6)
  2 ice beasts (D:6)
  A black bear (D:6)
  A phantom (D:5)
  A bullfrog (D:4)
  5 scorpions
  Dowan (D:4)
  3 killer bees (D:7)
  A howler monkey (D:5)
  3 orc priests
  5 hounds
  2 gnoll boudas (D:6)
  4 iguanas
  A jelly (D:4)
  Jessica (D:3)
  Ijyb (D:3)
  4 orc wizards
  9 gnolls
  6 adders
  A white imp (D:6)
  An ufetubus (D:6)
  4 worms
  2 dart slugs
  21 orcs
  8 bats
  7 endoplasms
  3 giant cockroaches
  8 goblins
  3 hobgoblins
  A jackal (D:4)
  6 quokkas
  10 ball pythons
  2 frilled lizards (D:2)
  10 kobolds
  A rat (D:1)
145 creatures vanquished.

Notes
Turn   | Place    | Note
-------+----------+-------------------------------------------
     0 | D:1      | bmack86 the Minotaur Fighter began the quest for the Orb.
     0 | D:1      | Reached XP level 1. HP: 19/19 MP: 0/0
    47 | D:1      | Reached skill level 3 in Axes
    66 | D:1      | Reached XP level 2. HP: 26/26 MP: 1/1
   217 | D:1      | You fall into a shaft and drop 1 floor!
   266 | D:2      | Reached skill level 4 in Axes
   322 | D:2      | Reached XP level 3. HP: 26/31 MP: 2/2
  1042 | D:2      | Reached skill level 5 in Axes
  1248 | D:3      | Identified the +0 chain mail of Ogis Fach {rN+ Will+ Int-2
                  | SInv}
  1336 | D:3      | Reached XP level 4. HP: 39/39 MP: 3/3
  1338 | D:3      | Noticed Ijyb
  1345 | D:3      | Paralysed by Ijyb for 3 turns
  1350 | D:3      | Killed Ijyb
  1376 | D:3      | Noticed Jessica
  1379 | D:3      | Found Sim Sie's General Store.
  1381 | D:3      | Killed Jessica
  1382 | D:3      | Reached skill level 6 in Axes
  1553 | D:3      | Reached XP level 5. HP: 45/45 MP: 4/4
  1746 | D:4      | Reached skill level 7 in Axes
  1860 | D:4      | Found a transporter.
  1863 | D:4      | Noticed Duvessa
  1866 | D:4      | Noticed Dowan
  1882 | D:4      | Killed Duvessa
  1883 | D:4      | Reached skill level 8 in Axes
  1883 | D:4      | Reached XP level 6. HP: 51/51 MP: 5/5
  1890 | D:4      | Killed Dowan
  1914 | D:4      | Noticed Pikel
  1942 | D:4      | Killed Pikel
  1943 | D:4      | Reached skill level 10 in Axes
  1943 | D:4      | Reached XP level 7. HP: 13/57 MP: 6/6
  2132 | D:4      | Found a transporter.
  2146 | D:4      | Reached skill level 11 in Axes
  2390 | D:4      | Reached XP level 8. HP: 64/64 MP: 7/7
  2813 | D:5      | Entered Level 5 of the Dungeon
  2822 | D:5      | Reached skill level 12 in Axes
  3107 | D:5      | Noticed Eustachio
  3118 | D:5      | Killed Eustachio
  3119 | D:5      | Reached skill level 13 in Axes
  3701 | D:5      | Found a glowing golden altar of the Shining One.
  3704 | D:5      | Found a shadowy altar of Dithmenos.
  3707 | D:5      | Found a hide-covered altar of Uskayaw.
  3710 | D:5      | Found a sacrificial altar of Ru.
  3995 | D:6      | Identified the +2 flail of Subterfuge {holy, rElec rPois}
  4016 | D:6      | Reached skill level 14 in Axes
  4016 | D:6      | Reached XP level 9. HP: 11/70 MP: 8/8
  4468 | D:6      | Reached skill level 5 in Fighting
  4716 | D:6      | Found a staircase to the Ecumenical Temple.
  4719 | D:6      | Noticed Maggie
  4733 | D:6      | Killed Maggie
  4737 | Temple   | Entered the Ecumenical Temple
  4745 | Temple   | Became a worshipper of Gozag Ym Sagoz the Greedy
  4976 | D:7      | Paralysed by a hornet for 3 turns
  4978 | D:7      | Slain by a killer bee

Illustrated notes

Levels and vault maps discovered:
D:1:      wander_arrival_peaceful_grave, layout_loops_ring, st_stairs_8
D:2:      layout_rooms, nrook_mini_backslash
D:3:      minmay_inner_zag, layout_rooms, serial_shops, shop, uniq_ijyb,
          uniq_jessica
D:4:      gammafunk_steamed_eel, layout_loops_ring, minmay_cut_off,
          uniq_duvessa, uniq_pikel
D:5:      layout_basic, grunt_temple_overflow_cloverleaf, uniq_eustachio
D:6:      layout_rooms, minmay_temple_entry_statues_fountains,
          mumra_transporter_accident, uniq_maggie
D:7:      layout_loops_ring, serial_shops, shop, corner_web_ring, uniq_menkaure,
          uniq_prince_ribbit1
Temple:   nicolae_temple_bog_church

Skill      XL: |  1  2  3  4  5  6  7  8  9 |
---------------+----------------------------+-----
Axes           | 3 4 5 6 8 10 11 14 | 14.3
Fighting       | 7 |  7.8
Armour         | |  3.6
Shields        | |  3.6

Action                     |  1- 3 |  4- 6 |  7- 9 || total
---------------------------+-------+-------+-------++-------
  Melee: War axe           |    72 |    76 |   190 ||   338
         Headbutt          |     9 |     8 |    35 ||    52
         Unarmed           |       |    18 |       ||    18
    Use: Scroll            |     6 |     1 |     1 ||     8
         Potion            |       |     1 |     1 ||     2
 Armour: Ring mail         |     8 |       |       ||     8
         Chain mail        |    17 |       |       ||    17
         Plate armour      |    11 |    61 |   146 ||   218
         Skin              |       |     5 |       ||     5
  Dodge: Dodged            |    41 |    27 |    70 ||   138
  Block: Buckler           |    15 |    21 |    60 ||    96
